AoeStats
← rdy2work

Arabia

509259479Analyzed
1v1 RM · 7d ago on Sep 26, 2026· 58m 20s· 2 players
Game mode
Random Map
Map size
Tiny (2 player)
Population
200
Speed
Normal
Resources
Standard
Victory
Conquest
Starting age
Dark Age
Ending age
Imperial Age
RankedLock teamsTeams togetherTeam positionsShared explorationLock speedFull tech treeHidden civsTurbo modeCheats
Victory
Defeat
🇲🇽 Varangians · Mexico
952
+16
🇨🇳 Vikings · China
954
-16
Kenichimar
4:45 Loom
10:27 Feudal Age
13:40 Double-Bit Axe
21:13 Castle Age
19:31 Fletching
19:46 Horse Collar
22:14 Crossbowman
23:18 Forging
23:33 Bow Saw
24:00 Bloodlines
23:55 Husbandry
25:33 Stone Mining
25:59 Gold Mining
27:43 Town Watch
29:11 Scale Barding Armor
31:51 Scale Mail Armor
32:35 Heavy Plow
35:55 Wheelbarrow
37:13 Squires
40:27 Bodkin Arrow
40:55 Chain Barding Armor
41:52 Iron Casting
47:33 Imperial Age
45:03 Bodkin Arrow
45:54 Hand Cart
46:48 Ballistics
47:11 Light Cavalry
49:07 Conscription
48:33 Hussar
51:35 Elite Skirmisher
52:05 Vendel Legacy
53:38 Bracer
56:01 Chemistry
rdy2work
1:42 Loom
12:12 Feudal Age
14:22 Gold Mining
16:01 Double-Bit Axe
17:35 Man-at-Arms
21:04 Forging
20:55 Scale Mail Armor
25:25 Castle Age
23:47 Horse Collar
25:06 Stone Mining
25:45 Long Swordsman
26:25 Squires
27:07 Bow Saw
28:34 Pikeman
38:01 Iron Casting
41:09 Imperial Age
38:28 Town Watch
41:03 Chieftains
42:17 Conscription
41:38 Two-Handed Swordsman
43:22 Heavy Plow
44:24 Chain Mail Armor
44:38 Champion
48:39 Chemistry
53:23 Plate Mail Armor
53:55 Blast Furnace
53:08 Elite Skirmisher
Connection lost

Rejoining the realm…

Still unreachable

The connection could not be restored.

Session expired

The server has moved on; the page needs a fresh start.